 Dungeon Crawl Stone Soup version 0.29.0-11-gd7f09526c8 (webtiles) character file.

Game seed: 17059572705284925655

267 brightshaft the Shooter (level 6, -7/30 HPs)
             Began as a Spriggan Hunter on Sept 3, 2022.
             Mangled by Crazy Yiuf
             ... wielding a +3 quarterstaff of chaos
              (18 damage)
             ... on level 4 of the Dungeon.
             The game lasted 00:04:44 (3727 turns).

brightshaft the Shooter (Spriggan Hunter)           Turns: 3727, Time: 00:04:45

Health: -7/30      AC:  2    Str:  7    XL:     6   Next: 0%
Magic:  7/7        EV: 18    Int: 11    God:
Gold:   145        SH:  0    Dex: 20    Spells: 5/5 levels left

rFire   . . .      SeeInvis +   a - +0 shortbow
rCold   . . .      Faith    .   (shield currently unavailable)
rNeg    . . .      Spirit   .   s - +0 robe "Naipreosai" {rElec}
rPois   .          Reflect  .   (helmet restricted)
rElec   +          Harm     .   (no cloak)
rCorr   .          Rampage  .   (gloves unavailable)
Will    +....                   (boots unavailable)
Stlth   +++.......              (no amulet)
HPRegen 0.10/turn               (no ring)
MPRegen 0.10/turn               (no ring)

@: very quick
A: very small, no large weapons, unfitting armour, see invisible, speed 3
a: no special abilities


You were on level 4 of the Dungeon.
You visited 1 branch of the dungeon, and saw 4 of its levels.

You collected 145 gold pieces.

Inventory:

Hand Weapons
 a - a +0 shortbow (weapon)
 b - a +2 dagger of venom
Missiles
 i - 10 poisoned darts
 n - 4 atropa-tipped darts
Armour
 c - a +0 robe
 s - the +0 robe "Naipreosai" (worn) {rElec}
   (You found it on level 4 of the Dungeon)

   rElec:     It insulates you from electricity.
Magical Staves
 l - a staff of death
Jewellery
 r - a ring of resist corrosion
Scrolls
 d - 4 scrolls of teleportation {unknown}
 f - a scroll of magic mapping {unknown}
 g - 2 scrolls of amnesia {unknown}
 h - 4 scrolls of identify {unknown}
 j - a scroll of brand weapon {unknown}
 k - a scroll of butterflies {unknown}
 o - a scroll of immolation
 p - a scroll of noise {unknown}
Potions
 e - a potion of attraction {unknown}
 m - a potion of cancellation {unknown}
 q - a potion of berserk rage {unknown}


   Skills:
 - Level 1.5 Fighting
 * Level 7.0 Ranged Weapons
 - Level 2.6 Dodging
 + Level 3.5 Stealth


You had 5 spell levels left.
You didn't know any spells.
Your spell library contained the following spells:

 Spells                   Type           Power      Damage    Failure   Level
 Magic Dart               Conj           0%         1d3       34%         1
 Searing Ray              Conj           0%         2d4       47%         2
 Fulminant Prism          Conj/Hex       0%         3d6       98%         4


Dungeon Overview and Level Annotations

Branches:
Dungeon (4/15)
 Temple: D:4-7

Altars:
Qazlal
Ru
Vehumet
Xom

Annotations:
D:4 Crazy Yiuf


Innate Abilities, Weirdness & Mutations

You are very small and have problems with some larger weapons.
You are too small for most types of armour.
You have supernaturally acute eyesight. (SInv)
You cover ground extremely quickly. (Speed+++)


Message History

The hound is heavily wounded.
The hound bites you.
You shoot an arrow. The arrow hits the hound.
The hound is severely wounded.
The hound completely misses you. The hound closely misses you.
You shoot an arrow. The arrow hits the hound.
The hound is severely wounded.
The hound misses you. The hound closely misses you.
You shoot an arrow. The arrow hits the hound!
You kill the hound!
Your Ranged Weapons skill increases to level 7!
You have reached level 6!
You see here a hound corpse.
h - 4 scrolls labelled GUMMYU WOEMPAKK (gained 1)
Found a hammer.
Found a runed translucent door.
Press: ? - help, v - describe, . - travel, g - get item Item here: a hammer.
The floor.
You open the door. You shoot an arrow. The arrow hits Crazy Yiuf.
Crazy Yiuf shouts!
Crazy Yiuf is moderately wounded.
You shoot an arrow.
The arrow hits Crazy Yiuf but does no damage.
Crazy Yiuf is moderately wounded.
You shoot an arrow. The arrow hits Crazy Yiuf.
Crazy Yiuf is heavily wounded.
Crazy Yiuf zaps a wand.
The puff of flame hits you!
You shoot an arrow. The arrow hits Crazy Yiuf.
Crazy Yiuf is severely wounded.
Crazy Yiuf hits you with a +3 quarterstaff of chaos!
You are too injured to fight recklessly!
You are too injured to fight recklessly!
Fire: a) +0 shortbow
Press: ? - help, Q - select action, (/) - cycle Shift-Dir - straight line, f/p - Crazy Yiuf
Aim: Crazy Yiuf, wielding a +3 quarterstaff of chaos, wearing a +0 cloak and carrying a wand of flame (16) (severely wounded, 69% to hit)
You shoot an arrow. The arrow barely misses Crazy Yiuf.
Crazy Yiuf hits you with a +3 quarterstaff of chaos!!
Ouch! That really hurt!
You die...

# #####...##
###.....#..#
.....##...##
###..######
##### #....#
#)..# #.##.#
#...# #.##.#
... .....#
#g# #.####
#### ♣@♣♣
...# #..#
♣♣.♣ #..#
###..# ♣.♣♣
#..####....#
♣♣.♣
...........#
♣♣.♣♣
...#.......#
♣♣...♣
..##.......#
♣....♣
...........#
##..##
.##÷.......#
#....## #


You could see Crazy Yiuf.

Vanquished Creatures
  A hound (D:4)
  A jelly (D:4)
  An iguana (D:4)
  Jessica (D:3)
  A gnoll (D:1)
  7 adders
  A worm (D:2)
  6 orcs
  6 endoplasms
  5 giant cockroaches
  6 goblins
  10 hobgoblins
  3 jackals (D:1)
  2 quokkas
  3 ball pythons (D:2)
  4 bats
  3 frilled lizards
  5 kobolds
  10 rats
76 creatures vanquished.

Vanquished Creatures (others)
  5 plants (D:1)
5 creatures vanquished.

Grand Total: 81 creatures vanquished

Notes
Turn   | Place    | Note
-------+----------+-------------------------------------------
     0 | D:1      | brightshaft the Spriggan Hunter began the quest for the
                  | Orb.
     0 | D:1      | Reached XP level 1. HP: 10/10 MP: 2/2
   158 | D:1      | Reached XP level 2. HP: 7/14 MP: 3/3
   605 | D:1      | Reached skill level 5 in Ranged Weapons
   620 | D:1      | Reached XP level 3. HP: 18/18 MP: 4/4
  1168 | D:2      | Reached XP level 4. HP: 19/22 MP: 5/5
  1727 | D:2      | Reached skill level 6 in Ranged Weapons
  2023 | D:3      | Found a radiant altar of Vehumet.
  2553 | D:3      | Found a sacrificial altar of Ru.
  2557 | D:3      | Noticed Jessica
  2562 | D:3      | Killed Jessica
  2563 | D:3      | Reached XP level 5. HP: 23/25 MP: 6/6
  3074 | D:4      | Found a shimmering altar of Xom.
  3481 | D:4      | Found a stormy altar of Qazlal.
  3501 | D:4      | Identified the +0 robe "Naipreosai" {rElec}
  3663 | D:4      | Reached skill level 7 in Ranged Weapons
  3663 | D:4      | Reached XP level 6. HP: 27/30 MP: 7/7
  3718 | D:4      | Found a runed translucent door.
  3719 | D:4      | Noticed Crazy Yiuf
  3727 | D:4      | Mangled by Crazy Yiuf

Illustrated notes

Levels and vault maps discovered:
D:1:      erik_arrival_triangle_small, layout_rooms, serial_forest,
          infiniplex_forest_end_2, infiniplex_forest_clump_C,
          infiniplex_forest_clump_tiny, infiniplex_forest_straight_1,
          infiniplex_forest_join, infiniplex_forest_straight_1,
          nicolae_grassy_gnolls
D:2:      layout_basic, roderic_lattice_a
D:3:      layout_basic, nicolae_ru_awakened_eye, nicolae_vehumet_altar_sigil,
          uniq_jessica
D:4:      layout_loops_cross, xom_butterflies, nicolae_qazlal_scattered_showers,
          hangedman_decor_slide_cut, kennysheep_nub, uniq_crazy_yiuf_cottage

Skill      XL: |  1  2  3  4  5 |
---------------+----------------+-----
Ranged Weapons | 5 6 7 |  7.0
Stealth        | 2 3 |  3.5
Fighting       | |  1.5
Dodging        | |  2.6

Action                   |  1- 3 |  4- 6 || total
-------------------------+-------+-------++-------
 Fire: Shortbow          |   108 |   111 ||   219
Armor: Robe              |     4 |     4 ||     8
Dodge: Dodged            |    40 |    43 ||    83
